 Dungeon Crawl Stone Soup version 0.29.1-12-g30fa7ad0bf (webtiles) character file.

Game seed: 17220561098052095280

48 raph the Stinger (level 3, -6/14 HPs)
             Began as a Felid Venom Mage on Dec 18, 2022.
             Mangled by an iguana (13 damage)
             ... on level 2 of the Dungeon.
             The game lasted 00:02:22 (1777 turns).

raph the Stinger (Felid Venom Mage)                 Turns: 1777, Time: 00:02:23

Health: -6/14      AC:  1    Str:  4    XL:     3   Next: 50%
Magic:  3/7        EV: 17    Int: 18    God:
Gold:   71         SH:  0    Dex: 16    Spells: 3/6 levels left
                                        Lives:  0   Deaths: 0

rFire   . . .      SeeInvis +   (weapon unavailable)
rCold   . . .      Faith    .   (shield unavailable)
rNeg    . . .      Spirit   .   (body armour unavailable)
rPois   .          Reflect  .   (helmet unavailable)
rElec   .          Harm     .   (cloak unavailable)
rCorr   .          Rampage  .   (gloves unavailable)
Will    .....                   (boots unavailable)
Stlth   ++........              (no amulet)
HPRegen 0.04/turn               (no ring)
MPRegen 0.10/turn               (no ring)

@: very slightly contaminated, quick
A: very small, claws 1, fangs 3, see invisible, speed 1, shaggy fur 1, stealthy
paws, no weapons or thrown items, no armour, multi-lived
a: no special abilities


You were on level 2 of the Dungeon.
You visited 1 branch of the dungeon, and saw 2 of its levels.

You collected 71 gold pieces.

Inventory:

Scrolls
 b - a scroll of identify {unknown}
Potions
 a - 3 potions of magic
 c - 2 potions of haste {unknown}


   Skills:
 - Level 2.6 Dodging
 - Level 2.6 Stealth
 + Level 2.4 Spellcasting
 - Level 1.1 Transmutations
 + Level 3.9 Poison Magic


You had 3 spell levels left.
You knew the following spells:

 Your Spells              Type           Power      Damage    Failure   Level
a - Sting                 Tmut/Pois      44%        1d5       6%          1
b - Poisonous Vapours     Pois/Air       18%        N/A       12%         2

Your spell library contained the following spells:

 Spells                   Type           Power      Damage    Failure   Level
 Mephitic Cloud           Conj/Pois/Air  6%         N/A       30%         3
 Stone Arrow              Conj/Erth      4%         3d7       45%         3
 Olgreb's Toxic Radiance  Pois           16%        N/A       34%         4
 Lehudib's Crystal Spear  Conj/Erth      1%         10d2      100%        8
 Animate Armour           Summ/Erth      Unusable   N/A       N/A         4

Dungeon Overview and Level Annotations

Branches:
Dungeon (2/15)

Altars:


Innate Abilities, Weirdness & Mutations

You have sharp claws.
You have razor-sharp teeth.
You have supernaturally acute eyesight. (SInv)
You cover ground quickly. (Speed+)
You are covered in fur. (AC +1)
Your paws help you pounce on unaware monsters.
You are incapable of wielding weapons or throwing items.
You cannot wear armour.
You gain extra lives every three experience levels.


Message History

HP restored.
A quokka comes into view.
An iguana comes into view.
The iguana hisses angrily.
Aiming: Sting (safe; 6% risk of failure)
Press: ? - help, Q - select action, (/) - cycle Shift-Dir - straight line, f - iguana
Aim: an iguana (75% to hit)
The sting hits the iguana but does no damage.
The iguana is poisoned.
An endoplasm comes into view.
The iguana bites you.
Aiming: Sting (safe; 6% risk of failure)
Press: ? - help, Q - select action, (/) - cycle Shift-Dir - straight line, f/p - iguana
Aim: an iguana (lightly wounded, poisoned, 75% to hit)
The sting hits the iguana.
The iguana looks even sicker.
The iguana is moderately wounded.
The endoplasm quivers.
The quokka closely misses you. The iguana closely misses you.
Aiming: Sting (safe; 6% risk of failure)
Press: ? - help, Q - select action, (/) - cycle Shift-Dir - straight line, f/p - iguana
Aim: an iguana (moderately wounded, very poisoned, 75% to hit)
The sting hits the quokka.
The quokka is poisoned.
The quokka is almost dead.
The quokka bites you.
You kill the quokka!
Aiming: Sting (safe; 6% risk of failure)
Press: ? - help, Q - select action, (/) - cycle Shift-Dir - straight line, f/p - iguana
Aim: an iguana (severely wounded, poisoned, 75% to hit)
The sting hits the iguana.
The iguana looks even sicker.
The iguana is almost dead.
There is a stone staircase leading up here.
Aiming: Sting (safe; 6% risk of failure)
Press: ? - help, Q - select action, (/) - cycle Shift-Dir - straight line, f/p - iguana
Aim: an iguana (almost dead, very poisoned, 75% to hit)
You miscast Sting.
You are very lightly contaminated with residual magic.
Nothing appears to happen.
The iguana bites you!
Ouch! That really hurt!
You die...

#.####.#############
#.#....÷....#......
#.#÷##.####.#.##.# #..
#.#.##.# #......#.#...
#......# ###.#........
####.#### #.#.##.###.
#.......# ##......#
#.......# ##.......#
#.##.##.# #...@.##.#
#.##.##.# #...l.# .#
#.##..#.# #.....# .#
#.......# #....J# .#
#.###.#.####.....##.# #
#.......#...........##.###
#####.##.##..###.........#
#.#.###.#.#..#..####..
#.#.##......##.##


You could see an iguana (very poisoned) and an endoplasm.

Vanquished Creatures
  An adder (D:2)
  4 dart slugs (D:1)
  An orc (D:2)
  2 endoplasms (D:1)
  A goblin (D:1)
  3 hobgoblins
  3 jackals (D:1)
  A kobold (D:1)
  2 quokkas
  5 ball pythons
  A bat (D:1)
  A frilled lizard (D:1)
  4 rats (D:1)
29 creatures vanquished.

Notes
Turn   | Place    | Note
-------+----------+-------------------------------------------
     0 | D:1      | raph the Felid Venom Mage began the quest for the Orb.
     0 | D:1      | Reached XP level 1. HP: 7/7 MP: 4/4
     6 | D:1      | Noticed a basilisk
     6 | D:1      | Noticed a tyrant leech
     6 | D:1      | Noticed a ragged hierophant
     7 | D:1      | Noticed a hell rat
     7 | D:1      | Noticed a centaur
    83 | D:1      | Reached skill level 3 in Poison Magic
   142 | D:1      | Reached XP level 2. HP: 11/11 MP: 4/6
   502 | D:1      | Learned a level 2 spell: Poisonous Vapours
   722 | D:1      | Found a faded altar of an unknown god.
  1034 | D:1      | Reached XP level 3. HP: 14/14 MP: 4/7
  1777 | D:2      | Mangled by an iguana

Illustrated notes

Levels and vault maps discovered:
D:1:      onia_arrival_zoo_common, layout_basic,
          dilly_ecumenical_altar_fadedgnrine
D:2:      layout_loops_cross, minmay_close_crescents

Skill      XL: |  1 |
---------------+----+-----
Poison Magic   | 3 |  3.9
Dodging        | |  2.6
Stealth        | |  2.6
Spellcasting   | |  2.4
Transmutations | |  1.1

Action                   || total
-------------------------++-------
Melee: Unarmed           ||    10
 Cast: Sting             ||    45
       Poisonous Vapours ||     7
  Use: Scroll            ||     2
Armor: Skin              ||     1
Dodge: Dodged            ||    33
